AoeStats
← Virchow

Arabia

509125205Analyzed
1v1 RM · 8d ago on Sep 25, 2026· 51m 7s· 2 players
Game mode
Random Map
Map size
Tiny (2 player)
Population
200
Speed
Normal
Resources
Standard
Victory
Conquest
Starting age
Dark Age
Ending age
Imperial Age
RankedLock teamsTeams togetherTeam positionsShared explorationLock speedFull tech treeHidden civsTurbo modeCheats
Victory
Defeat
🇹🇼 Dravidians · Taiwan
1305
+15
🇪🇸 Slavs · Spain
1287
-15
Fuentelsaz
11:05 Loom
12:50 Feudal Age
14:11 Double-Bit Axe
16:46 Castle Age
15:11 Horse Collar
27:24 Heavy Plow
27:43 Gold Mining
28:56 Wheelbarrow
28:40 Bow Saw
30:59 Gold Shaft Mining
30:41 Town Watch
31:49 Fletching
35:36 Imperial Age
34:42 Forging
35:03 Bodkin Arrow
37:21 Chemistry
37:49 Two-Man Saw
36:19 Onager
38:23 Scale Barding Armor
39:21 Siege Engineers
40:05 Siege Onager
41:53 Iron Casting
42:14 Ballistics
44:02 Bloodlines
43:13 Light Cavalry
44:38 Hussar
46:00 Chain Barding Armor
47:26 Blast Furnace
48:11 Plate Barding Armor
49:29 Heavy Scorpion
51:02 Padded Archer Armor
Virchow
7:25 Loom
10:13 Feudal Age
11:19 Double-Bit Axe
11:15 Horse Collar
16:02 Fletching
19:15 Wheelbarrow
22:35 Castle Age
21:31 Stone Mining
21:35 Gold Mining
23:31 Bow Saw
22:43 Crossbowman
23:19 Bodkin Arrow
28:19 Heavy Plow
31:54 Hand Cart
31:24 Town Watch
37:05 Imperial Age
34:53 Padded Archer Armor
36:09 Thumb Ring
38:05 Ballistics
39:00 Chemistry
39:00 Elite Elephant Archer
41:25 Masonry
44:48 Conscription
45:01 Guilds
45:03 Medical Corps
46:06 Fortified Wall
47:48 Murder Holes
47:31 Siege Elephant
49:01 Pikeman
49:42 Scale Mail Armor
49:53 Forging
49:52 Halberdier
50:32 Squires
50:18 Gambesons
50:19 Arson
50:57 Wootz Steel
51:57 Chain Mail Armor
52:17 Iron Casting
Connection lost

Rejoining the realm…

Still unreachable

The connection could not be restored.

Session expired

The server has moved on; the page needs a fresh start.